 Dungeon Crawl Stone Soup version 0.28.0-62-gf88900778d (webtiles) character file.

Game seed: 6450620302803204522

4459 Froggeryz the Slicer (level 10, -2/71 (72) HPs)
             Began as an Octopode Berserker on Aug 12, 2023.
             Was an Elder of Trog.
             Slain by an orc
             ... wielding a +0 hand axe
              (6 damage)
             ... on level 9 of the Dungeon.
             The game lasted 00:09:28 (10285 turns).

Froggeryz the Slicer (Octopode Berserker)          Turns: 10285, Time: 00:09:28

HP:   -2/71 (72)    AC:  1    Str: 16    XL:     10   Next: 37%
MP:   19/19         EV: 14    Int: 10    God:    Trog [****..]
Gold: 315           SH:  0    Dex: 16    Spells: 9/9 levels left

rFire   . . .      SeeInvis .   a - +0 short sword (vorpal)
rCold   . . .      Faith    .   (no shield)
rNeg    + . .      Spirit   .   (helmet restricted)
rPois   +          Reflect  .   (no amulet)
rElec   .          Harm     .   d - ring of magical power
rCorr   .          Rampage  .   h - ring of positive energy
Will    .....                   r - ring of poison resistance
Stlth   +++++.....              (no ring)
HPRegen 0.21/turn               (no ring)
MPRegen 0.16/turn               (no ring)
                                (no ring)
                                (no ring)

@: lethally poisoned (-2 -> -7), lightly drained
A: almost no armour, amphibious, 8 rings, camouflage 1, gelatinous body 1,
(nimble swimmer 1), tentacles
a: Renounce Religion, Berserk, Trog's Hand, Brothers in Arms


You were on level 9 of the Dungeon.
You worshipped Trog.
Trog was greatly pleased with you.
You visited 1 branch of the dungeon, and saw 9 of its levels.

You collected 555 gold pieces.
You spent 240 gold pieces at shops.

Inventory:

Hand Weapons
 a - a +0 vorpal short sword (weapon)
Missiles
 b - 5 atropa-tipped darts (quivered)
 i - 3 poisoned darts
 w - 3 boomerangs
 y - 2 silver boomerangs
 A - a throwing net
Jewellery
 d - a ring of magical power (left tentacle)
 h - a ring of positive energy (right tentacle)
 r - a ring of poison resistance (on tentacle)
 t - a ring of ice
Wands
 p - a wand of acid (3)
 q - a wand of charming (1)
 u - a wand of polymorph (9)
 x - a wand of digging (6)
Scrolls
 c - 2 scrolls of fog
 e - 2 scrolls of teleportation
 f - 5 scrolls of identify
 g - a scroll of brand weapon
 j - 2 scrolls of torment
 o - a scroll of holy word {unknown}
 z - a scroll of enchant weapon {unknown}
Potions
 k - a potion of might
 l - a potion of cancellation {unknown}
 m - a potion of brilliance
 n - a potion of heal wounds {unknown}
 s - 2 potions of curing {unknown}
 v - a potion of degeneration {unknown}


   Skills:
 + Level 8.1 Fighting
 + Level 11.0 Short Blades
 + Level 0.7 Throwing
 + Level 3.3 Dodging
 - Level 10.0 Stealth


You had 9 spell levels left.
You didn't know any spells.
Your spell library was empty.

Dungeon Overview and Level Annotations

Branches:
Dungeon (9/15)             Temple (0/1) D:4
   Lair: D:8-11         Orc: D:9-12

Altars:
Dithmenos
Elyvilon
Kikubaaqudgha
Makhleb
Ru
Sif Muna
Uskayaw

Shops:
D:1 =   D:7 *   D:8 ((((:

Portals:
Abyss: D:8

Annotations:
D:3 3 runed translucent doors, AarnesTheHuman's ghost, amateur HOFi; Atelerd's ghost, amateur OpEE; Sensen's ghost, amateur OpTm; glosham's ghost, weakling DjCA
D:5 2 transporters, Lemuel's ghost, amateur DsGl
D:6 2 runed translucent doors, Lemuel's ghost, novice DsFi
D:8 2 transporters, brob1's ghost, novice MiBe


Innate Abilities, Weirdness & Mutations

You cannot wear most types of armour.
You are amphibious.
You can wear up to eight rings at the same time.
Your skin changes colour to match your surroundings (Stealth+).
Your rubbery body absorbs attacks. (AC +1, EV +1)
((You are camouflaged when in or above water. (Stealth+)))
You have tentacles for arms and can constrict up to eight enemies at once.


Message History

The killer bee closely misses you. The vampire hits you. The vampire bites you.
Aiming: Corrosive Bolt
Press: ? - help, Shift-Dir - straight line, f/p - vampire
Aim: a vampire (moderately damaged, constricted by you, 100% to hit)
The bolt of acid hits the vampire!
The vampire is severely damaged.
The bolt of acid hits the orc priest!
The acid corrodes the orc priest!
You kill the orc priest!
Trog accepts your kill.
The killer bee buzzes angrily.
You constrict the vampire, but do no damage.
A killer bee comes into view.
The killer bee closely misses you. x2; The vampire hits you!
The vampire bites you!
The vampire draws strength from your injuries!
The orc closely misses you. The orc wizard closely misses you.
Aiming: Charm
Press: ? - help, Shift-Dir - straight line, f - killer bee, p - vampire
Aim: a killer bee (chance to affect: 57%)
The killer bee resists with significant effort.
You constrict the vampire, but do no damage.
The killer bee misses you. The killer bee barely misses you.
The killer bee stings you. The killer bee barely misses you.
The vampire barely misses you. The vampire bites you!
* * * LOW HITPOINT WARNING * * *
The orc hits you with a +0 hand axe.
* * * LOW HITPOINT WARNING * * *
The orc wizard closely misses you.
Okay, then.
You release your grip on the vampire.
The killer bee stings you.
* * * LOW HITPOINT WARNING * * *
The killer bee stings you.
* * * LOW HITPOINT WARNING * * *
You are lethally poisoned!
The killer bee poisons you!
The vampire mumbles some strange words.
The vampire flickers and vanishes!
Deactivating autopickup; reactivate with Ctrl-A.
The orc hits you with a +0 hand axe.
You die...

.....#######..+ #..
..............# #.#..
..............# #.#..
..............#####+#.###
..........(..............
.....y...................
#.....yy.................
#....){yy................
#.....oo@................
###...y.....###......####
#.........# #......#
###.....### #...####
#.....# ##### #.....#
#.....# #######


You could see 6 killer bees, an orc wizard and an orc.

Vanquished Creatures
  A boulder beetle (D:7)
  Joseph (D:8)
  Prince Ribbit (D:8)
  Sigmund (D:6)
  A wyvern (D:9)
  2 water moccasins
  3 necrophages
  2 orc warriors
  2 sky beasts (D:7)
  A black bear (D:6)
  A centaur (D:6)
  A gnoll sergeant (D:4)
  A water moccasin zombie (D:4)
  2 scorpions
  A water moccasin skeleton (D:3)
  3 killer bees (D:8)
  15 wights
  A howler monkey (D:6)
  2 bullfrog zombies
  A bullfrog skeleton (D:5)
  2 centaur skeletons
  A hound (D:6)
  A human zombie (D:4)
  6 orc priests
  2 jellies
  2 iguanas
  Jessica (D:3)
  3 orc wizards
  A scorpion zombie (D:4)
  2 killer bee zombies
  2 hound skeletons (D:4)
  2 mummies (D:4)
  A howler monkey zombie (D:8)
  9 gnolls
  4 adders
  An adder skeleton (D:4)
  3 worms (D:2)
  7 dart slugs
  21 orcs
  8 ball pythons
  5 bats
  10 endoplasms
  7 giant cockroaches
  5 hobgoblins
  3 jackals
  5 quokkas
  6 frilled lizards
  5 goblins
  10 kobolds
  6 rats
184 creatures vanquished.

Vanquished Creatures (others)
  2 plants (D:1)
  2 withered plants (D:3)
4 creatures vanquished.

Grand Total: 188 creatures vanquished

Notes
Turn   | Place    | Note
-------+----------+-------------------------------------------
     0 | D:1      | Froggeryz the Octopode Berserker began the quest for the
                  | Orb.
     0 | D:1      | Reached XP level 1. HP: 16/16 MP: 1/1
   124 | D:1      | Found Zojarr's Jewellery Emporium.
   171 | D:1      | Reached XP level 2. HP: 21/21 MP: 2/2
   412 | D:1      | Found a faded altar of an unknown god.
   425 | D:1      | Reached XP level 3. HP: 23/26 MP: 3/3
   646 | D:1      | Reached ** piety under Trog
   767 | D:1      | Reached skill level 4 in Short Blades
  1319 | D:2      | Reached XP level 4. HP: 32/32 MP: 4/4
  1444 | D:2      | Reached skill level 1 in Stealth
  1656 | D:2      | Found a burning altar of Makhleb.
  1724 | D:2      | Reached *** piety under Trog
  1817 | D:3      | Noticed Sensen's ghost (amateur OpTm)
  1817 | D:3      | Noticed AarnesTheHuman's ghost (amateur HOFi)
  1817 | D:3      | Noticed Atelerd's ghost (amateur OpEE)
  1817 | D:3      | Noticed glosham's ghost (weakling DjCA)
  1817 | D:3      | Found a runed translucent gate.
  1817 | D:3      | Found a runed translucent gate.
  1817 | D:3      | Found a runed translucent gate.
  1889 | D:3      | Reached XP level 5. HP: 37/37 MP: 5/5
  2096 | D:3      | Reached skill level 5 in Short Blades
  2422 | D:3      | Noticed Jessica
  2435 | D:3      | Killed Jessica
  2650 | D:3      | Reached XP level 6. HP: 28/43 MP: 6/6
  2975 | D:4      | Found a white marble altar of Elyvilon.
  3269 | D:3      | HP: 2/44 [dart slug (1)]
  4046 | D:4      | Found a staircase to the Ecumenical Temple.
  4149 | D:4      | Found a sacrificial altar of Ru.
  4152 | D:4      | Found a shimmering blue altar of Sif Muna.
  4155 | D:4      | Found a hide-covered altar of Uskayaw.
  4223 | D:4      | Reached skill level 6 in Short Blades
  4223 | D:4      | Reached XP level 7. HP: 48/49 MP: 7/7
  4278 | D:4      | Reached skill level 5 in Fighting
  4356 | D:4      | Reached skill level 5 in Stealth
  4441 | D:4      | Found an ancient bone altar of Kikubaaqudgha.
  4541 | D:4      | Reached skill level 7 in Short Blades
  4541 | D:4      | Reached XP level 8. HP: 52/55 MP: 8/8
  4559 | D:4      | Reached **** piety under Trog
  4626 | D:5      | Entered Level 5 of the Dungeon
  4642 | D:5      | Found a transporter.
  4645 | D:5      | Noticed Lemuel's ghost (amateur DsGl)
  4650 | D:5      | Found a transporter.
  5790 | D:1      | Bought a ring of poison resistance for 240 gold pieces
  5880 | D:5      | Reached skill level 8 in Short Blades
  6216 | D:6      | Noticed Lemuel's ghost (novice DsFi)
  6216 | D:6      | Found a large runed translucent door.
  6216 | D:6      | Found a large runed translucent door.
  6288 | D:6      | Noticed Sigmund
  6310 | D:6      | Killed Sigmund
  6661 | D:6      | Reached XP level 9. HP: 51/63 MP: 9/9
  6876 | D:6      | Reached skill level 9 in Short Blades
  7082 | D:7      | Found Xeur Doruikh's Gadget Gallery.
  7613 | D:7      | Noticed a boulder beetle
  7636 | D:7      | Killed a boulder beetle
  7637 | D:7      | Reached skill level 10 in Short Blades
  8118 | D:8      | Noticed Joseph
  8120 | D:8      | Killed Joseph
  8121 | D:8      | Reached XP level 10. HP: 71/71 MP: 10/10
  8375 | D:8      | Found Vik Aved's Book Shoppe.
  8405 | D:8      | Found Zyav's Weapon Boutique.
  8663 | D:8      | Found Tefidwoi's Antique Weapon Shoppe.
  8716 | D:8      | Noticed Prince Ribbit
  8726 | D:8      | Killed Prince Ribbit
  8904 | D:8      | Found a shadowy altar of Dithmenos.
  8942 | D:8      | Found Fiunuch's Weapon Shoppe.
  9073 | D:8      | Found a transporter.
  9090 | D:8      | Found a transporter.
  9101 | D:8      | Found a one-way gate to the infinite horrors of the Abyss.
  9101 | D:8      | Noticed brob1's ghost (novice MiBe)
  9156 | D:8      | Found Ublirej's Weapon Shop.
  9921 | D:9      | Reached skill level 10 in Stealth
  9924 | D:9      | Reached skill level 11 in Short Blades
 10285 | D:9      | Slain by an orc

Illustrated notes

Levels and vault maps discovered:
D:1:      dpeg_arrival_orchard, layout_basic, ebering_ecumenical_altar_webs,
          serial_shops, shop, serial_bayou_pond_b, roderic_lattice_a,
          chequers_serial_rivers_micro_b
D:2:      minmay_spotlight, layout_rooms, basic_altar, minmay_worlds_worst_comb
D:3:      layout_basic, gammafunk_ghost_cemetery, kennysheep_jessica_study
D:4:      layout_cave_pools, grunt_temple_overflow_diamond,
          lemuel_mausoleum_altar_kikubaaqudgha,
          mainiacjoe_overflow_tiny_flanked, minmay_temple_entry_sparse_star,
          serial_column_ruins, column_ruins_hut, column_ruins_open_small,
          column_ruins_corridor_corner, column_ruins_open_tiny
D:5:      layout_loops_ring, gammafunk_ghost_mausoleum
D:6:      layout_basic, ebering_ghost_disaster_area, uniq_sigmund
D:7:      layout_loops_cross, nicolae_shop_gadgets
D:8:      layout_cave_pods, mainiacjoe_overflow_six_doors_small,
          gammafunk_ghost_abyssal_escape, serial_shops, nicolae_shop_trees,
          shop, nicolae_take_the_stairs, nicolae_shop_trees, shop, uniq_joseph,
          uniq_prince_ribbit1
D:9:      layout_irregular_city, grunt_decor_fettered

Skill      XL: |  1  2  3  4  5  6  7  8  9 10 |
---------------+-------------------------------+-----
Short Blades   | 4 5 6 7 8 10 11 | 11.0
Stealth        | 1 2 3 5 7 9 10 | 10.0
Fighting       | 4 5 6 7 8 |  8.1
Throwing       | |  0.7
Dodging        | |  3.3

Action                   |  1- 3 |  4- 6 |  7- 9 | 10-12 || total
-------------------------+-------+-------+-------+-------++-------
Melee: Short sword       |    68 |   134 |   170 |   115 ||   487
       Constrict         |    18 |    36 |    28 |    21 ||   103
       Tentacles         |    12 |    32 |    44 |    38 ||   126
       Punch             |       |     2 |     2 |     3 ||     7
Throw: Dart              |       |     1 |    18 |       ||    19
Invok: Berserk           |       |     1 |     3 |     1 ||     5
       Trog's Hand       |       |       |     1 |       ||     1
Evoke: Wand              |       |       |     1 |     3 ||     4
  Use: Scroll            |       |     7 |     1 |       ||     8
       Potion            |       |     3 |       |       ||     3
 Stab: Sleeping          |     8 |    13 |    17 |       ||    38
       Distracted        |       |       |     1 |       ||     1
Armor: Skin              |     3 |     6 |     5 |     3 ||    17
Dodge: Dodged            |    37 |    71 |    73 |    65 ||   246
